 Dungeon Crawl Stone Soup version 0.27-a0-797-g27d10ad80f (webtiles) character file.

Game seed: 11242413125772331762

128 polve the Slasher (level 4, 0/35 HPs)
             Began as a Demonspawn Abyssal Knight on Mar 27, 2021.
             Was a Believer of Lugonu.
             Slain by an orc
             ... wielding a +0 flail
              (9 damage)
             ... on level 3 of the Dungeon.
             The game lasted 00:02:07 (2822 turns).

polve the Slasher (Demonspawn Abyssal Knight)       Turns: 2822, Time: 00:02:08

Health: 0/35       AC:  3    Str: 12    XL:     4   Next: 86%
Magic:  5/5        EV: 14    Int: 15    God:    Lugonu [**....]
Gold:   125        SH:  0    Dex: 12    Spells: 3/3 levels left

rFire    . . .     SeeInvis +   a - +1 falchion
rCold    . . .     Faith    .   (no shield)
rNeg     . . .     Spirit   .   b - +0 leather armour
rPois    .         Reflect  .   (no helmet)
rElec    .         Harm     .   (no cloak)
rCorr    .         Rampage  .   (no gloves)
Will     .....                  (no boots)
Stlth    +.........             (no amulet)
HPRegen  0.11/turn              i - ring of see invisible
MPRegen  0.09/turn              (no ring)

@: no status effects
A: repulsion field 2
a: Renounce Religion, Depart the Abyss, Bend Space


You were on level 3 of the Dungeon.
You worshipped Lugonu.
Lugonu was pleased with you.
You visited 1 branch of the dungeon, and saw 3 of its levels.
You visited the Abyss 1 time.

You collected 125 gold pieces.

Inventory:

Hand Weapons
 a - a +1 falchion (weapon)
Armour
 b - a +0 leather armour (worn)
 d - a scarf of repulsion
 j - a +0 pair of boots
Jewellery
 i - a ring of see invisible (left hand)
 l - a ring of ice
Scrolls
 c - 2 scrolls of teleportation {unknown}
 e - a scroll of enchant armour {unknown}
 k - a scroll of fog {unknown}
Potions
 g - a potion of heal wounds


   Skills:
 - Level 3.0 Fighting
 + Level 4.7 Long Blades
 - Level 1.7 Armour
 - Level 0.8 Dodging
 - Level 2.4 Invocations


You had 3 spell levels left.
You didn't know any spells.
Your spell library was empty.

Dungeon Overview and Level Annotations

Branches:
Dungeon (3/15)

Altars:

Shops:
D:2 (


Innate Abilities, Weirdness & Mutations

You are surrounded by a moderate repulsion field. (EV +3)


Message History

The orc closely misses you.
You riposte.
You barely miss the orc.
The orc is moderately wounded.
The orc hits you with a +0 whip.
You slash the orc!
You kill the orc!
Lugonu accepts your kill.
You hit the orc.
The orc is severely wounded.
The orc barely misses you.
You hit the orc but do no damage.
The orc is severely wounded.
The orc closely misses you.
You barely miss the orc.
The orc is severely wounded.
The orc closely misses you.
You hit the orc.
The orc is almost dead.
The orc misses you.
You hit the orc.
You kill the orc!
Lugonu accepts your kill. The orc closely misses you.
You barely miss the orc.
The orc is lightly wounded.
The orc closely misses you.
You hit the orc but do no damage.
The orc is lightly wounded.
The orc barely misses you.
You closely miss the orc.
The orc is lightly wounded.
The orc hits you with a +0 flail!
* * * LOW HITPOINT WARNING * * *
You hit the orc.
The orc is moderately wounded.
The orc closely misses you.
You see here a +0 ring mail.
You hit the orc but do no damage.
The orc is moderately wounded.
The orc hits you with a +0 flail!
You die...

#.........# ..# ###.....###
#.# ##........# #########.#
##...###.#...
#.....#.....####........###.
.............##....######
...<......................
.............†....########
.............)##@## #..
..>............#o# #.# ##
........†......#.# #.# ..
...............#o# ###.# .#
......#....^.....####...##.##
......##.......).#[......)..#
.....###.....>.#...o.######.#
....## #######....#### ....#
####......##


You could see 2 orcs.

Vanquished Creatures
  A howler monkey zombie (D:3)
  3 adders
  3 dart slugs
  3 orcs (D:3)
  5 ball pythons
  3 bats (D:2)
  7 endoplasms
  6 giant cockroaches
  6 goblins
  4 hobgoblins
  10 jackals
  6 quokkas
  6 frilled lizards
  3 kobolds
  9 rats
75 creatures vanquished.

Notes
Turn   | Place    | Note
-------+----------+-------------------------------------------
     0 | Abyss:1  | polve the Demonspawn Abyssal Knight began the quest for the
                  | Orb.
     0 | Abyss:1  | Reached XP level 1. HP: 18/18 MP: 2/2
    55 | Abyss:1  | Noticed a rakshasa
    55 | D:1      | Escaped the Abyss
   179 | D:1      | Reached skill level 2 in Long Blades
   596 | D:1      | Gained mutation: You are surrounded by a mild repulsion
                  | field. (EV +2) [demonic ancestry]
   596 | D:1      | Reached XP level 2. HP: 24/24 MP: 3/3
   607 | D:1      | Reached * piety under Lugonu
   914 | D:1      | Reached skill level 3 in Long Blades
  1025 | D:1      | Reached XP level 3. HP: 28/29 MP: 4/4
  1876 | D:2      | Reached ** piety under Lugonu
  1878 | D:2      | Found Mulamyist's Antique Weapon Shop.
  1911 | D:2      | Reached skill level 4 in Long Blades
  1911 | D:2      | Gained mutation: You are surrounded by a moderate repulsion
                  | field. (EV +3) [demonic ancestry]
  1911 | D:2      | Reached XP level 4. HP: 34/35 MP: 5/5
  2822 | D:3      | Slain by an orc

Illustrated notes

Levels and vault maps discovered:
D:1:      dpeg_arrival_pits, layout_loops_corners, minmay_door_square,
          minmay_misc_feat_four_crosses, minmay_pentomino_s2
D:2:      layout_loops_ring, serial_shops, shop, minmay_randomly_rotated_circles
D:3:      layout_rooms, makhleb_altar_promises_db

Skill      XL: |  1  2  3 |
---------------+----------+-----
Long Blades    | 2 3 4 |  4.7
Fighting       | |  3.0
Armour         | |  1.7
Dodging        | |  0.8
Invocations    | |  2.4

Action                   |  1- 3 |  4- 6 || total
-------------------------+-------+-------++-------
Melee: Falchion          |   111 |    93 ||   204
Invok: Depart the Abyss  |     1 |       ||     1
  Use: Potion            |       |     5 ||     5
 Stab: Sleeping          |     3 |       ||     3
Armor: Leather armour    |    26 |    13 ||    39
Dodge: Dodged            |    76 |    73 ||   149
       Rpst.: Falchion   |    29 |    23 ||    52

Table legend: (Time is in decaauts)
 A = Elapsed time spent in this place.
 B = Non-inter-level travel time spent in this place.
 C = Inter-level travel time spent in this place.
 D = Time resting spent in this place.
 E = Time spent auto-exploring this place.
 F = Levels seen in this place.
 G = Mean time per level.
                   A        B        C        D        E       F      G
               +--------+--------+--------+--------+--------+-----+--------+
         Total |   2846 |   2816 |     30 |      0 |   2381 |   4 |  711.5 |
       Dungeon |   2791 |   2761 |     30 |      0 |   2326 |   3 |  930.3 |
         Abyss |     55 |     55 |      0 |      0 |     55 |   1 |   55.0 |
               +--------+--------+--------+--------+--------+-----+--------+

Top non-repeatable levels by time:
     D:1: 1532 daAuts
     D:2: 1078 daAuts
     D:3: 180 daAuts
 Abyss:1: 55 daAuts
